PAA
MINNESOTA LOONS @ SPRINGFIELD SHOOTERS
07/25/2031
 
TOP OF THE 1ST
Minnesota Loons batting - Pitching for Springfield Shooters : RHP Pedro Lara
Pitching: RHP Pedro Lara
Batting: RHB Germán Espantoso 0-0: Ball
1-0: Called Strike
1-1: Swinging Strike
1-2: Foul Ball, location: 2F
1-2: Strikes out swinging
Batting: RHB Dhyana Snigdha 0-0: Swinging Strike
0-1: Ball
1-1: Ball
2-1: Ball
3-1: Fly out, F9 (Line Drive, 9S)
Batting: LHB Bennett Whitford 0-0: Ball
1-0: Called Strike
1-1: SINGLE (Groundball, 56) (infield hit)
Batting: RHB Ángelo Delgado 0-0: Ball
1-0: Ball
Bennett Whitford steals 2nd base
2-0: Called Strike
2-1: Foul Ball, location: 2F
2-2: Ball
3-2: Base on Balls
Batting: RHB Júlio Vargas 0-0: Ball
1-0: Ball
2-0: Called Strike
2-1: Ground out 6-3 (Groundball, 6M)
Top of the 1st over - 0 runs, 1 hit, 0 errors, 2 left on base; Minnesota 0 - Springfield 0
BOTTOM OF THE 1ST
Springfield Shooters batting - Pitching for Minnesota Loons : LHP Luis Domínguez
Pitching: LHP Luis Domínguez
Batting: RHB Eun-bum Kim 0-0: Called Strike
0-1: Ball
1-1: Ball
2-1: Ball
3-1: Base on Balls
Batting: RHB Stephen Chávez 0-0: Ball
Eun-bum Kim steals 2nd base
1-0: Called Strike
1-1: Ball
2-1: Swinging Strike
2-2: Ball
3-2: SINGLE (Groundball, 5D)
Eun-bum Kim to third
Runner from 3rd tries for Home, SAFE, no throw
Batting: RHB Sébastien Bernard 0-0: Ball
1-0: Ball
2-0: SINGLE (Groundball, 56S) (infield hit)
Stephen Chávez to second
Batting: RHB Fletcher Megarity 0-0: Ball
1-0: Ball
2-0: Swinging Strike
2-1: Fly out, F4 (Line Drive, 4)
Batting: RHB Lee Charles 0-0: Ball
1-0: Ball
2-0: Called Strike
2-1: Ball
3-1: DOUBLE (Flyball, 8RXD)
Stephen Chávez scores
Sébastien Bernard to third
Batting: LHB Ángelo Corona 0-0: Called Strike
0-1: Ball
1-1: Ball
2-1: Ground out 6-3 (Groundball, 6M)
Sébastien Bernard scores
Lee Charles to third
Batting: RHB Tony Martínez 0-0: Ball
1-0: Reached on error, E6 (Groundball, 6S)
Lee Charles scores
Batting: RHB Jack Stidston 0-0: Ball
1-0: Called Strike
Tony Martínez steals 2nd base
Balk!
Tony Martínez to third
1-1: Foul Ball, location: 2F
1-2: Ground out 2-3 (Groundball, 2R)
Bottom of the 1st over - 4 runs, 3 hits, 1 error, 1 left on base; Minnesota 0 - Springfield 4
TOP OF THE 2ND
Minnesota Loons batting - Pitching for Springfield Shooters : RHP Pedro Lara
Batting: RHB Luis Delvalle 0-0: Called Strike
0-1: Foul Ball, location: 2F
0-2: Ball
1-2: Ball
2-2: Fly out, F7 (Flyball, 78M)
Batting: RHB José de la Cavallería 0-0: Fly out, F8 (Flyball, 8RM)
Batting: RHB Rubén Medina 0-0: Called Strike
0-1: Ball
1-1: Ball
2-1: Ball
3-1: Foul Ball, location: 2F
3-2: Base on Balls
Batting: RHB Cody Jaeckel 0-0: Called Strike
0-1: Ball
1-1: Ball
2-1: Foul Ball, location: 2F
2-2: Ball
3-2: Fly out, F7 (Flyball, 78D)
Top of the 2nd over - 0 runs, 0 hits, 0 errors, 1 left on base; Minnesota 0 - Springfield 4
BOTTOM OF THE 2ND
Springfield Shooters batting - Pitching for Minnesota Loons : LHP Luis Domínguez
Batting: RHB Roberto Alonzo 0-0: Called Strike
0-1: Called Strike
0-2: Ball
1-2: Foul Ball, location: 2F
1-2: Foul Ball, location: 2F
1-2: Fly out, F8 (Flyball, 8LM)
Batting: RHB Eun-bum Kim 0-0: Ball
1-0: Ball
2-0: Ball
3-0: Called Strike
3-1: Called Strike
3-2: Strikes out looking
Batting: RHB Stephen Chávez 0-0: Ball
1-0: Foul Ball, location: 2F
1-1: Ball
2-1: Foul Ball, location: 2F
2-2: Fly out, F6 (Line Drive, 6)
Bottom of the 2nd over - 0 runs, 0 hits, 0 errors, 0 left on base; Minnesota 0 - Springfield 4
TOP OF THE 3RD
Minnesota Loons batting - Pitching for Springfield Shooters : RHP Pedro Lara
Batting: RHB Germán Espantoso 0-0: SINGLE (Flyball, 9LM)
Batting: RHB Dhyana Snigdha 0-0: Ball
1-0: Ball
2-0: Called Strike
2-1: Swinging Strike
2-2: Foul Ball, location: 2F
2-2: Foul Ball, location: 2F
2-2: Foul Ball, location: 2F
2-2: Ball
3-2: Foul Ball, location: 2F
3-2: Base on Balls
Germán Espantoso to second
Batting: LHB Bennett Whitford 0-0: Fly out, F5 (Popup, 5F)
Batting: RHB Ángelo Delgado 0-0: Called Strike
0-1: Called Strike
0-2: Ball
1-2: Ball
2-2: Foul Ball, location: 2F
2-2: Ball
3-2: Foul Ball, location: 2F
3-2: Base on Balls
Germán Espantoso to third
Dhyana Snigdha to second
Batting: RHB Júlio Vargas 0-0: Ball
1-0: Fly out, F7 (Flyball, 7S)
Runner from 3rd tags up, OUT at HOME
Top of the 3rd over - 0 runs, 1 hit, 0 errors, 2 left on base; Minnesota 0 - Springfield 4
BOTTOM OF THE 3RD
Springfield Shooters batting - Pitching for Minnesota Loons : LHP Luis Domínguez
Batting: RHB Sébastien Bernard 0-0: Called Strike
0-1: Ball
1-1: Ground out 6-3 (Groundball, 6M)
Batting: RHB Fletcher Megarity 0-0: SINGLE (Flyball, 89M)
Batting: RHB Lee Charles 0-0: Ball
1-0: Called Strike
1-1: Swinging Strike
1-2: Strikes out swinging
Batting: LHB Ángelo Corona 0-0: Ball
1-0: Called Strike
1-1: Foul Ball, location: 2F
1-2: Foul Ball, location: 2F
1-2: Strikes out swinging
Bottom of the 3rd over - 0 runs, 1 hit, 0 errors, 1 left on base; Minnesota 0 - Springfield 4
TOP OF THE 4TH
Minnesota Loons batting - Pitching for Springfield Shooters : RHP Pedro Lara
Batting: RHB Luis Delvalle 0-0: Ball
1-0: Called Strike
1-1: Swinging Strike
1-2: Strikes out swinging
Batting: RHB José de la Cavallería 0-0: Called Strike
0-1: Ball
1-1: Swinging Strike
1-2: SINGLE (Line Drive, 9S)
Batting: RHB Rubén Medina 0-0: Foul Ball, location: 2F
0-1: Called Strike
0-2: SINGLE (Groundball, 34D)
José de la Cavallería to second
Runner from 2nd tries for 3rd, SAFE, no throw
Batting: RHB Cody Jaeckel 0-0: Called Strike
0-1: Ball
1-1: Ground out 6-3 (Groundball, 6S)
José de la Cavallería scores
Rubén Medina to second
Batting: RHB Germán Espantoso 0-0: Called Strike
0-1: Ground out 6-3 (Groundball, 6)
Top of the 4th over - 1 run, 2 hits, 0 errors, 1 left on base; Minnesota 1 - Springfield 4
BOTTOM OF THE 4TH
Springfield Shooters batting - Pitching for Minnesota Loons : LHP Luis Domínguez
Batting: RHB Tony Martínez 0-0: Ball
1-0: Ball
2-0: Ground out 4-3 (Groundball, 4M)
Batting: RHB Jack Stidston 0-0: Called Strike
0-1: Swinging Strike
0-2: Ground out 1-3 (Groundball, 13S)
Batting: RHB Roberto Alonzo 0-0: Called Strike
0-1: Ground out 4-3 (Groundball, 4M)
Bottom of the 4th over - 0 runs, 0 hits, 0 errors, 0 left on base; Minnesota 1 - Springfield 4
TOP OF THE 5TH
Minnesota Loons batting - Pitching for Springfield Shooters : RHP Pedro Lara
Batting: RHB Dhyana Snigdha 0-0: Ball
1-0: Ball
2-0: Ball
3-0: Base on Balls
Batting: LHB Bennett Whitford 0-0: Ball
1-0: Ground out 4-3 (Groundball, 34D)
Dhyana Snigdha to second
Batting: RHB Ángelo Delgado 0-0: Ground out 6-3 (Groundball, 6D)
Batting: RHB Júlio Vargas 0-0: Ground out 5-3 (Groundball, 56)
Top of the 5th over - 0 runs, 0 hits, 0 errors, 1 left on base; Minnesota 1 - Springfield 4
BOTTOM OF THE 5TH
Springfield Shooters batting - Pitching for Minnesota Loons : LHP Luis Domínguez
Batting: RHB Eun-bum Kim 0-0: Called Strike
0-1: Ground out 4-3 (Groundball, 34)
Batting: RHB Stephen Chávez 0-0: Foul Ball, location: 2F
0-1: Swinging Strike
0-2: Ball
1-2: Strikes out swinging
Batting: RHB Sébastien Bernard 0-0: Called Strike
0-1: Ball
1-1: Swinging Strike
1-2: Ball
2-2: Ball
3-2: Base on Balls
Batting: RHB Fletcher Megarity 0-0: SINGLE (Flyball, 89S)
Sébastien Bernard to second
Sébastien Bernard to third
Batting: RHB Lee Charles 0-0: Called Strike
0-1: Ball
Wild Pitch!
Sébastien Bernard scores
Fletcher Megarity to second
1-1: Ball
2-1: Ball
3-1: Base on Balls
Batting: LHB Ángelo Corona 0-0: Fly out, F8 (Line Drive, 8LM)
Bottom of the 5th over - 1 run, 1 hit, 0 errors, 2 left on base; Minnesota 1 - Springfield 5
TOP OF THE 6TH
Minnesota Loons batting - Pitching for Springfield Shooters : RHP Pedro Lara
Batting: RHB Luis Delvalle 0-0: Fly out, F8 (Flyball, 8LXD)
Batting: RHB José de la Cavallería 0-0: Called Strike
0-1: Foul Ball, location: 2F
0-2: Fly out, F7 (Flyball, 7)
Batting: RHB Rubén Medina 0-0: Foul Ball, location: 2F
0-1: Foul Ball, location: 2F
0-2: Ball
1-2: Ball
2-2: Ball
3-2: Base on Balls
Pitching: RHP Roy Gartner
Batting: RHB Cody Jaeckel 0-0: Fielders Choice at 2nd, 5-4 (Groundball, 56)
Top of the 6th over - 0 runs, 0 hits, 0 errors, 1 left on base; Minnesota 1 - Springfield 5
BOTTOM OF THE 6TH
Springfield Shooters batting - Pitching for Minnesota Loons : LHP Luis Domínguez
Batting: RHB Tony Martínez 0-0: Ball
1-0: Swinging Strike
1-1: Ball
2-1: Ball
3-1: Called Strike
3-2: Foul Ball, location: 2F
3-2: Foul Ball, location: 2F
3-2: Foul Ball, location: 2F
3-2: Base on Balls
Batting: RHB Jack Stidston 0-0: Ball
1-0: Ball
2-0: Foul Ball, location: 2F
2-1: Ball
3-1: Base on Balls
Tony Martínez to second
Pitching: RHP Aubrey McCrimmon
Batting: RHB Roberto Alonzo 0-0: Ball
1-0: Swinging Strike
1-1: Swinging Strike
1-2: Ball
Wild Pitch!
Tony Martínez to third
Jack Stidston to second
2-2: Ball
3-2: Strikes out swinging
Batting: RHB Eun-bum Kim 0-0: Ball
1-0: Called Strike
1-1: Ball
2-1: SINGLE (Groundball, 34D)
Tony Martínez scores
Jack Stidston to third
Runner from 3rd tries for Home, SAFE, no throw
Batting: RHB Stephen Chávez 0-0: Ball
1-0: Ball
2-0: Called Strike
2-1: Foul Ball, location: 2F
2-2: Foul Ball, location: 2F
2-2: Ball
3-2: Foul Ball, location: 2F
3-2: Fielders Choice at 2nd, 6-4 (Groundball, 6)
Batting: RHB Sébastien Bernard 0-0: Called Strike
0-1: Ball
1-1: Fly out, F5 (Line Drive, 5)
Bottom of the 6th over - 2 runs, 1 hit, 0 errors, 1 left on base; Minnesota 1 - Springfield 7
TOP OF THE 7TH
Minnesota Loons batting - Pitching for Springfield Shooters : RHP Roy Gartner
Batting: RHB Germán Espantoso 0-0: Ball
1-0: Ball
2-0: SINGLE (Line Drive, 8RS)
Batting: RHB Dhyana Snigdha 0-0: Ball
1-0: Ball
Germán Espantoso is caught stealing 2nd base
2-0: Called Strike
2-1: Swinging Strike
2-2: Fly out, F4 (Line Drive, 4M)
Batting: LHB Bennett Whitford 0-0: Called Strike
0-1: Ball
1-1: Ball
2-1: Ground out 1-3 (Groundball, 13S)
Top of the 7th over - 0 runs, 1 hit, 0 errors, 0 left on base; Minnesota 1 - Springfield 7
BOTTOM OF THE 7TH
Springfield Shooters batting - Pitching for Minnesota Loons : RHP Aubrey McCrimmon
Batting: RHB Fletcher Megarity 0-0: Called Strike
0-1: Hit by Pitch
Pinch Runner at 1st Miguel Elías:
Batting: RHB Lee Charles 0-0: Ball
1-0: Called Strike
1-1: Foul Ball, location: 2F
1-2: Ball
2-2: Strikes out looking
Batting: LHB Ángelo Corona 0-0: Ball
Miguel Elías steals 2nd base
1-0: Swinging Strike
1-1: Foul Ball, location: 2F
1-2: Foul Ball, location: 2F
1-2: Ball
2-2: Fly out, F7 (Flyball, 78M)
Batting: RHB Tony Martínez 0-0: Called Strike
0-1: Swinging Strike
0-2: Ball
1-2: Strikes out swinging
Bottom of the 7th over - 0 runs, 0 hits, 0 errors, 1 left on base; Minnesota 1 - Springfield 7
TOP OF THE 8TH
Minnesota Loons batting - Pitching for Springfield Shooters : RHP Roy Gartner
Now at 3B: Miguel Elías
Batting: RHB Ángelo Delgado 0-0: Ball
1-0: Foul Ball, location: 2F
1-1: Ball
2-1: Foul Ball, location: 2F
2-2: Foul Ball, location: 2F
2-2: Ball
3-2: Foul Ball, location: 2F
3-2: Foul Ball, location: 2F
3-2: Foul Ball, location: 2F
3-2: Base on Balls
Batting: RHB Júlio Vargas 0-0: Called Strike
0-1: Grounds into double play, 5-4-3 (Groundball, 56)
Batting: RHB Luis Delvalle 0-0: Foul Ball, location: 2F
0-1: Ball
1-1: Called Strike
1-2: Ball
2-2: Ball
3-2: Foul Ball, location: 2F
3-2: Base on Balls
Batting: RHB José de la Cavallería 0-0: Ball
1-0: Fly out, F8 (Line Drive, 89D)
Top of the 8th over - 0 runs, 0 hits, 0 errors, 1 left on base; Minnesota 1 - Springfield 7
BOTTOM OF THE 8TH
Springfield Shooters batting - Pitching for Minnesota Loons : RHP Aubrey McCrimmon
Batting: RHB Jack Stidston 0-0: Called Strike
0-1: Foul Ball, location: 2F
0-2: Strikes out swinging
Batting: RHB Roberto Alonzo 0-0: Ground out 5-3 (Groundball, 56S)
Batting: RHB Eun-bum Kim 0-0: Swinging Strike
0-1: Ball
1-1: Ground out 4-3 (Groundball, 4)
Bottom of the 8th over - 0 runs, 0 hits, 0 errors, 0 left on base; Minnesota 1 - Springfield 7
TOP OF THE 9TH
Minnesota Loons batting - Pitching for Springfield Shooters : RHP Roy Gartner
Batting: RHB Rubén Medina 0-0: Called Strike
0-1: Foul Ball, location: 2F
0-2: Ball
1-2: Ball
2-2: Ball
3-2: Ground out 5-3 (Groundball, 56)
Batting: RHB Cody Jaeckel 0-0: Ball
1-0: Called Strike
1-1: Ball
2-1: SINGLE (Groundball, 6MD)
Batting: RHB Germán Espantoso 0-0: Fly out, F9 (Flyball, 9S)
Batting: RHB Dhyana Snigdha 0-0: Ball
1-0: SINGLE (Line Drive, 89S)
Cody Jaeckel to second
Batting: LHB Bennett Whitford 0-0: Ball
1-0: Ball
2-0: Ball
3-0: Base on Balls
Cody Jaeckel to third
Dhyana Snigdha to second
Batting: RHB Ángelo Delgado 0-0: Ball
1-0: Called Strike
1-1: Fielders Choice at 2nd, 6-4 (Groundball, 6D)
Top of the 9th over - 0 runs, 2 hits, 0 errors, 3 left on base; Minnesota 1 - Springfield 7
Tuesday, June 12th, 2018 - OOTP Baseball 18.8 Build 76